 Dungeon Crawl Stone Soup version 0.22-a0-252-gcace5d2 (webtiles) character file.

146 mhoghedin the Sneak (level 5, 0/27 HPs)
             Began as a Spriggan Assassin on Mar 1, 2018.
             Was an Initiate of Trog.
             Slain by a gnoll
             ... wielding a +0 spear
              (7 damage)
             ... on level 3 of the Dungeon.
             The game lasted 00:05:00 (3089 turns).

mhoghedin the Sneak (Spriggan Assassin)             Turns: 3089, Time: 00:05:01

Health: 0/27       AC:  3    Str:  7    XL:     5   Next: 7%
Magic:  6/6        EV: 19    Int: 13    God:    Trog [......]
Gold:   121        SH:  0    Dex: 18    Spells: 4/4 levels left

rFire    . . .     SeeInvis +   b - +1 blowgun
rCold    . . .     Gourm    .   (shield restricted)
rNeg     . . .     Faith    +   c - +0 robe
rPois    .         Spirit   .   (helmet restricted)
rElec    .         Reflect  .   d - +0 cloak
rCorr    .         Harm     .   (gloves unavailable)
MR       .....                  (boots unavailable)
Stlth    +++.......             j - amulet of faith {Faith, !P}
HPRegen  0.09/turn              k - ring of loudness (curse) {Stlth-}
MPRegen  0.10/turn              (no ring)

@: very quick
A: very small, unfitting armour, see invisible, herbivore, speed 3, slow
metabolism 2
a: Renounce Religion


You were on level 3 of the Dungeon.
You worshipped Trog.
Trog was noncommittal.
You were not hungry.

You visited 1 branch of the dungeon, and saw 3 of its levels.

You collected 121 gold pieces.

Inventory:

Hand Weapons
 a - a +2 dagger of venom
   (You took it off a kobold on level 2 of the Dungeon)
 b - a +1 blowgun (weapon)
 l - a +1 dagger of freezing
   (You took it off a kobold on level 2 of the Dungeon)
Missiles
 e - 2 poisoned needles (quivered)
Armour
 c - a +0 robe (worn)
 d - a +0 cloak (worn)
Jewellery
 j - an amulet of faith (around neck) {Faith, !P}
   (You found it on level 1 of the Dungeon)
 k - a cursed ring of loudness (left hand) {Stlth-}
   (You found it on level 1 of the Dungeon)
Scrolls
 h - 2 scrolls of fear
 p - a scroll of teleportation {unknown}
Potions
 m - a potion of degeneration {unknown}
 n - a potion of invisibility {unknown}
 o - a potion of heal wounds
Comestibles
 g - 9 rations


   Skills:
 + Level 2.6 Fighting
 + Level 3.4 Short Blades
 - Level 2.3 Throwing
 - Level 3.3 Dodging
 - Level 6.7 Stealth


You had 4 spell levels left.
You didn't know any spells.

Dungeon Overview and Level Annotations

Branches:
Dungeon (3/15)

Altars:
Fedhas
Qazlal
Trog


Innate Abilities, Weirdness & Mutations

You are very small and have problems with some larger weapons.
You are too small for most types of armour.
You have supernaturally acute eyesight. (SInv)
You are a herbivore.
You cover ground extremely quickly.
You need consume almost no food.


Message History

You barely miss the gnoll. The gnoll hits you with a flail!
The gnoll hits you with a club.
You take 12 damage, and have 11/23 hp.
MASSIVE DAMAGE!!
You aren't carrying any items that you can evoke.
It was a potion of heal wounds.
You feel much better.
Health restored: 23 Unknown command.
Throwing (i - inventory)
i - 3 tomahawks of returning (quivered)
Aim: a gnoll, wielding a flail You throw a tomahawk of returning.
The tomahawk of returning closely misses the gnoll.
The tomahawk of returning hits the gnoll but does no damage.
The tomahawk of returning fails to return to your pack!
Throwing (i - inventory)
i - 2 tomahawks of returning (quivered)
Aim: a gnoll, wielding a flail You throw a tomahawk of returning.
The tomahawk of returning hits the gnoll but does no damage.
The tomahawk of returning fails to return to your pack!
Your +2 dagger of venom stops dripping with poison.
b - a +1 blowgun (weapon)
The gnoll hits you with a flail.
You take 5 damage, and have 18/23 hp.
MASSIVE DAMAGE!!
Unknown command.
Firing (i - inventory. (/) - cycle)
f - 2 curare-tipped needles (quivered)
Aim: a gnoll, wielding a flail You shoot a curare-tipped needle.
The curare-tipped needle hits the gnoll.
The gnoll is poisoned.
The gnoll convulses.
The gnoll seems to slow down.
Firing (i - inventory. (/) - cycle)
f - a curare-tipped needle (quivered)
Aim: a gnoll, wielding a flail (severely wounded, slow, poisoned)
You shoot a curare-tipped needle.
The curare-tipped needle hits the gnoll.
The gnoll is poisoned.
The gnoll convulses.
The gnoll seems to slow down.
Firing (i - inventory. (/) - cycle)
e - 7 poisoned needles (quivered)
Aim: a gnoll, wielding a spear You shoot a poisoned needle.
The poisoned needle closely misses the gnoll.
Firing (i - inventory. (/) - cycle)
e - 6 poisoned needles (quivered)
Aim: a gnoll, wielding a club You shoot a poisoned needle.
The poisoned needle closely misses the gnoll.
You kill the gnoll!
Trog accepts your kill.
Firing (i - inventory. (/) - cycle)
e - 5 poisoned needles (quivered)
Aim: a gnoll, wielding a club You shoot a poisoned needle.
The poisoned needle hits the gnoll!
The gnoll is poisoned.
The gnoll is no longer moving slowly.
Unknown command.
Your +2 dagger of venom begins to drip with poison!
a - a +2 dagger of venom (weapon)
You barely miss the gnoll. You barely miss the gnoll.
The gnoll closely misses you.
You hit the gnoll.
The gnoll looks as sick as possible!
You kill the gnoll!
Trog accepts your kill.
Things that are here:
a club; a gnoll corpse You closely miss the gnoll.
The gnoll hits you with a spear.
You take 3 damage, and have 16/23 hp.
You barely miss the gnoll. You hit the gnoll but do no damage.
The gnoll looks even sicker.
The gnoll misses you.
The gnoll hits you from afar with a spear.
You take 6 damage, and have 11/23 hp.
MASSIVE DAMAGE!!
You kill the gnoll!
Trog accepts your kill.
You have reached level 5!
You feel agile.
You regained 2 hp, and now have 13/27 hp.
MP restored: 6 The gnoll hits you from afar with a spear!
* * * LOW HITPOINT WARNING * * *
You take 7 damage, and have 6/27 hp.
MASSIVE DAMAGE!!
The gnoll barely misses you.
Things that are here:
a flail; a gnoll corpse You hit the gnoll.
The gnoll is poisoned.
You hit the gnoll but do no damage. The gnoll barely misses you.
The gnoll closely misses you.
Throwing (i - inventory)
i - a tomahawk of returning (quivered)
Aim: a gnoll, wielding a spear (heavily wounded, poisoned)
You throw a tomahawk of returning.
The tomahawk of returning barely misses the gnoll.
The tomahawk of returning fails to return to your pack!
Your +2 dagger of venom stops dripping with poison.
b - a +1 blowgun (weapon)
Firing (i - inventory)
e - 4 poisoned needles (quivered)
Aim: a gnoll, wielding a spear (severely wounded, poisoned)
You shoot a poisoned needle. The poisoned needle hits the gnoll.
The gnoll looks even sicker.
Firing (i - inventory)
e - 3 poisoned needles (quivered)
Aim: a gnoll, wielding a spear (severely wounded, poisoned)
You shoot a poisoned needle. The poisoned needle hits the gnoll.
The gnoll hits you with a spear!
You die...

#.# #........###.........
#÷# #........##........(.
##.###...................(
#......#####.#...........(
#.........................
#......#####.#..........).
#....÷.# #..)......(....
#......#####).............
########.@......####......
#..g.....###..#####
#...((...()).##
#........##### ##########


You could see a gnoll.

Vanquished Creatures
  A hound (D:2)
  3 gnolls (D:3)
  3 adders
  An ooze (D:1)
  2 dart slugs
  A leopard gecko (D:3)
  2 orcs (D:3)
  3 giant cockroaches
  3 hobgoblins
  4 jackals (D:2)
  5 kobolds
  2 quokkas (D:2)
  6 bats
  2 frilled lizards
  7 goblins
  4 rats (D:1)
49 creatures vanquished.

Notes
Turn   | Place    | Note
-------+----------+-------------------------------------------
     0 | D:1      | mhoghedin the Spriggan Assassin began the quest for the Orb.
     0 | D:1      | Reached XP level 1. HP: 10/10 MP: 2/2
   247 | D:1      | Reached skill level 2 in Dodging
   247 | D:1      | Reached skill level 6 in Stealth
   351 | D:1      | Reached XP level 2. HP: 9/15 MP: 3/3
  1006 | D:2      | Reached skill level 2 in Fighting
  1136 | D:2      | Reached XP level 3. HP: 18/18 MP: 4/4
  1625 | D:2      | Found a stormy altar of Qazlal.
  1777 | D:2      | Found a bloodstained altar of Trog.
  1782 | D:2      | Became a worshipper of Trog the Wrathful
  1877 | D:2      | Reached skill level 3 in Short Blades
  1877 | D:2      | Reached skill level 3 in Dodging
  1877 | D:2      | Reached XP level 4. HP: 9/23 MP: 5/5
  2254 | D:2      | Found a blossoming altar of Fedhas.
  3071 | D:3      | Reached XP level 5. HP: 13/27 MP: 6/6
  3072 | D:3      | HP: 6/27 [gnoll/spear (7)]
  3089 | D:3      | Slain by a gnoll

Vault maps used:
D:1:      minmay_arrival_widening_spiral_wide
D:2:      lightli_temple_of_fire, nicolae_overflow_hidden_temple,
          roderic_lattice_a, nicolae_qazlal_eye_of_the_storm
D:3:      minmay_overflow_temple_star_hex

Skill      XL: |  1  2  3 |
---------------+----------+-----
Dodging        | 2 3 |  3.3
Stealth        | 6 |  6.7
Fighting       | 2 |  2.6
Short Blades   | 3 |  3.4
Throwing       | |  2.3

Action                   |  1- 3 |  4- 6 || total
-------------------------+-------+-------++-------
Melee: Dagger            |   106 |    43 ||   149
 Fire: Blowgun           |     7 |     7 ||    14
Throw: Tomahawk          |       |     5 ||     5
  Use: Scroll            |     3 |     4 ||     7
       Potion            |       |     1 ||     1
 Stab: Sleeping          |     6 |     3 ||     9
Armor: Robe              |    16 |     7 ||    23
Dodge: Dodged            |    76 |    40 ||   116

Table legend:
 A = Spawn XP
 B = Non-spawn XP
 C = Spawn XP percentage of total XP
 D = Spawn monster count
 E = Non-spawn monster count
 F = Spawn count percentage of total count
 G = Total turns spent on level
                    A         B        C        D         E        F      G
               +---------+---------+-------+---------+---------+-------+---------
         Total |       0 |     209 |   0.0 |       0 |      49 |   0.0 |  3089
               +---------+---------+-------+---------+---------+-------+---------
           D:1 |       0 |      23 |   0.0 |       0 |      11 |   0.0 |   919
           D:2 |       0 |      97 |   0.0 |       0 |      24 |   0.0 |  1538
           D:3 |       0 |      89 |   0.0 |       0 |      14 |   0.0 |   632
               +---------+---------+-------+---------+---------+-------+---------

Vault maps used:
D:1:      minmay_arrival_widening_spiral_wide
D:2:      lightli_temple_of_fire, nicolae_overflow_hidden_temple,
          roderic_lattice_a, nicolae_qazlal_eye_of_the_storm
D:3:      minmay_overflow_temple_star_hex

Table legend:
 A = Turns spent in this place as a percentage of turns spent in the entire game.
 B = Non-inter-level travel turns spent in this place as a percentage of non-inter-level travel turns spent in the entire game.
 C = Inter-level travel turns spent in this place as a percentage of turns spent in this place.
 D = Turns resting spent in this place as a percentage of non-inter-level travel turns spent in this place.
 E = Turns spent auto-exploring this place as a percentage of non-inter-level travel turns spent in this place.
 F = Non-inter-level travel turns spent in this place divided by the number of levels of this place that you've seen.
                   A       B       C       D       E      F
               +-------+-------+-------+-------+-------+----------------------
         Total | 100.0 | 100.0 |   2.5 |  33.4 |  49.2 | 1003.7
       Dungeon | 100.0 | 100.0 |   2.5 |  33.4 |  49.2 | 1003.7
               +-------+-------+-------+-------+-------+----------------------

Table legend:
 A = Kills in this place as a percentage of kills in entire the game.
 B = Kills by you in this place as a percentage of kills by you in the entire game.
 C = Kills by friends in this place as a percentage of kills by friends in the entire game.
 D = Other kills in this place as a percentage of other kills in the entire game.
 E = Experience gained in this place as a percentage of experience gained in the entire game.
 F = Experience gained in this place divided by the number of levels of this place that you have seen.
                   A       B       C       D       E      F
               +-------+-------+-------+-------+-------+----------------------
         Total | 100.0 | 100.0 |   N/A |   N/A | 100.0 |  69.7
       Dungeon | 100.0 | 100.0 |   N/A |   N/A | 100.0 |  69.7
               +-------+-------+-------+-------+-------+----------------------
